Curious Charlie, neutral male scurrid Tourist ------------- - |.............. |.......@.....| |.>..h.Y.W..... --------------- Curious Charlie the Rambler Experience level: 1 Strength: 14 Dexterity: 11 Constitution: 14 Intelligence: 13 Wisdom: 8 Charisma: 15 Health: 0(16) Energy: 2(2) Def: 0 Gold: 2543 Moves: 132 Dungeon seed: 9u3R1KbXfrd-TQHY Game ID: Curious Charlie_1529588140 Your Inventory: Coins $ - 2543 gold pieces Weapons a - 38 uncursed +2 darts (in quiver) Armor e - an uncursed +0 Hawaiian shirt (being worn) Comestibles b - 2 uncursed eggs d - 2 uncursed chestnuts f - 2 uncursed oranges g - an uncursed lembas wafer h - 2 uncursed food rations i - an uncursed candy bar Scrolls k - 3 uncursed scrolls of magic mapping l - a blessed scroll of magic mapping Potions s - a cursed potion of speed Wands o - an uncursed wand of secret door detection (0:15) Tools m - an uncursed expensive camera (0:55) n - an uncursed credit card p - an uncursed oil lamp (0:1279) q - an uncursed lock pick Spells and supernatural/magical abilities: Name Level Category Fail Memory W - pray for help -- divine ? -- Your skills at the end: Miscellaneous Skills wands [Basic] Weapon Skills dart [Basic] Spellcasting Skills Final Attributes: You were devoutly aligned. You had infravision. You were very stealthy. You are dead. Vanquished creatures: an imp a cave spider a jackal 3 creatures vanquished. Voluntary challenges: You went without food. You did not adorn yourself with jewelry or accessories. You did not cause conflict. You were not invisible. You did not have reflection. You were not displaced. You were an atheist. You never hit with a wielded weapon. You did not use containers. You did not apply a unicorn horn. You did not use plumbed fixtures. You were illiterate. You never genocided any monsters. You never polymorphed an object. You never changed form. You used no wishes. You never split a pudding. You never wrote Elbereth's name. You never violated your personal moral code. Dungeon overview: The Dungeons of Doom: levels 1 to 15 Level 1 a long staircase Level 2 a fountain Level 3 a sink Level 4 Level 5 Level 6 Level 7 Level 8 Level 9 a fountain Level 10 Level 11 Level 12 Level 13 Level 14 Level 15 <- You were here History has recorded: On T:1 you entered the Dungeons of Doom to retrieve the Amulet of Yendor! On T:8 you reached level 2 of The Dungeons of Doom. On T:16 you reached level 3 of The Dungeons of Doom. On T:35 you reached level 4 of The Dungeons of Doom. On T:46 you reached level 5 of The Dungeons of Doom. On T:52 you reached level 6 of The Dungeons of Doom. On T:59 you reached level 7 of The Dungeons of Doom. On T:66 you reached level 8 of The Dungeons of Doom. On T:79 you reached level 9 of The Dungeons of Doom. On T:90 you reached level 10 of The Dungeons of Doom. On T:103 you reached level 11 of The Dungeons of Doom. On T:112 you reached level 12 of The Dungeons of Doom. On T:119 you reached level 13 of The Dungeons of Doom. On T:125 you reached level 14 of The Dungeons of Doom. On T:131 you reached level 15 of The Dungeons of Doom. Score breakdown: Gold: 2144 ( 214 points) Experience: 1 level ( 0 points) Exploration: 15 levels ( 420 points) Discoveries: 0 items ( 0 points) Variety of kills: 3 monsters ( 150 points) Major goal: (nothing yet) ( 0 points) Survival: died (score multiplied by 3) Total score: 2352 Latest messages: You continue digging downward. (6x) You dig a hole through the floor. You fall through... You receive a faint telepathic message from Twoflower: Your help is urgently needed at Ankh-Morpork! Look for a ...ic transporter. You couldn't quite make out that last message. You start digging downward. You continue digging downward. You dig a pit in the floor. You continue digging downward. (6x) You dig a hole through the floor. You fall through... The owlbear punches you! (2x) The owlbear grabs you! The owlbear is blinded by the flash! You get released! The owlbear turns to flee! The barrow wight wields a long sword! The long sword welds itself to the barrow wight's claw! The barrow wight casts a spell at you! Your head suddenly aches painfully! You die... Your body rises from the dead as a wraith... Final status: Aloha Curious Charlie the Tourist, killed by a barrow wight... You died in The Dungeons of Doom on dungeon level 15 with 2352 points, and 2543 pieces of gold, after 132 moves. You were level 1 with a maximum of 16 hit points when you died.